 Dungeon Crawl Stone Soup version 0.16.0-11-gd45b091 (webtiles) character file.

5577 harcile the Arsonist (level 11, -8/74 HPs)
             Began as a Human Fire Elementalist on Mar 17, 2015.
             Was a Priest of Vehumet.
             Mangled by an orc warrior
             ... wielding a +0 glaive
              (18 damage)
             ... on level 10 of the Dungeon.
             The game lasted 00:44:27 (9056 turns).

harcile the Arsonist (Human Fire Elementalist)      Turns: 9056, Time: 00:44:27

Health: -8/74      AC:  9    Str:  9    XL:     11   Next: 2%
Magic:  26/27      EV: 12    Int: 18    God:    Vehumet [***...]
Gold:   450        SH:  0    Dex: 14    Spells: 5 memorised, 11 levels left

rFire  + . .     SeeInvis .     b - +2 mace (holy)
rCold  . . .     Clarity  .     K - +2 leather armour {rF+}
rNeg   . . .     SustAb   .     (no shield)
rPois  .         Gourm    .     k - +0 hat
rElec  .         Spirit   .     W - +0 cloak
rCorr  .         Warding  .     (no gloves)
rMut   +         Stasis   .     v - +2 pair of boots {Stlth+}
MR     .....                    M - amulet of resist mutation
Stlth  ++........               z - -2 ring of evasion (curse)
                                y - ring of wizardry

@: confused, not resistant to hostile enchantments, unstealthy
A: no striking features
a: Renounce Religion


You were on level 10 of the Dungeon.
You worshipped Vehumet.
Vehumet was most pleased with you.
You were hungry.

You visited 2 branches of the dungeon, and saw 11 of its levels.

You collected 450 gold pieces.

Inventory:

Hand weapons
 a - a +2 mace of protection
 b - a +2 mace of holy wrath (weapon)
 m - a +4 flail
 r - a +1 glaive of venom
 x - a +3 trident
 D - the +1 war axe of Calamity {flame, -Tele rF- rN+ Str+5 Stlth+}
   (You found it on level 8 of the Dungeon)

   It has been specially enchanted to burn those struck by it, causing extra
   injury to most foes and up to half again as much damage against particularly
   susceptible opponents.
   Big, fiery blades are also staple armaments of hydra-hunters.
   It affects your strength (+5).
   It makes you vulnerable to fire.
   It protects you from negative energy.
   It prevents most forms of teleportation.
   It makes you more stealthy.
 N - a cursed +2 spear of freezing
 V - a +0 war axe of freezing
Armour
 k - a +0 hat (worn)
 v - a +2 pair of boots of stealth (worn)
 I - a +0 fire dragon armour
 K - a +2 leather armour of fire resistance (worn)
 W - a +0 cloak (worn)
Magical staves
 O - an uncursed staff of poison
Jewellery
 y - a ring of wizardry (left hand)
 z - a cursed -2 ring of evasion (right hand)
 H - an uncursed ring of flight
 L - an uncursed ring of magical power
 M - an amulet of resist mutation (around neck)
 P - an uncursed ring of ice
Magical devices
 i - a wand of frost (12)
 o - a wand of frost (41)
 t - a wand of paralysis (5)
 w - a wand of magic darts (16)
 A - a wand of cold (8)
Scrolls
 d - 8 scrolls of remove curse
 e - 3 scrolls of teleportation
 g - a scroll of magic mapping
 j - 3 scrolls of enchant armour
 G - a scroll of immolation
 S - a scroll of fear
 U - a scroll of recharging
 Y - 3 scrolls of enchant weapon
 Z - a scroll of amnesia
Potions
 f - a potion of cure mutation
 l - a potion of haste
 n - 3 potions of restore abilities
 s - a potion of curing
 u - 2 potions of might
 B - a potion of resistance {unknown}
 F - a potion of lignification {unknown}
 J - a potion of flight {unknown}
 Q - a potion of brilliance
 T - a potion of beneficial mutation {unknown}
Books
 h - a book of Flames

   Spells                             Type                      Level
   a - Flame Tongue                   Conjuration/Fire             1
   b - Throw Flame                    Conjuration/Fire             2
   c - Conjure Flame                  Conjuration/Fire             3
   d - Inner Flame                    Hexes/Fire                   3
   e - Sticky Flame                   Conjuration/Fire             4
   f - Fireball                       Conjuration/Fire             5
Comestibles
 c - 8 bread rations
 p - 2 beef jerkies
 q - 6 meat rations
 C - 4 fruits
 R - 8 slices of pizza
 X - 6 chunks of flesh


   Skills:
 + Level 2.9 Fighting
 + Level 1.4 Maces & Flails
 + Level 2.0 Armour
 + Level 5.0 Dodging
 + Level 3.3 Stealth
 + Level 8.0 Spellcasting
 + Level 8.2 Conjurations
 + Level 8.5 Fire Magic
 + Level 0.2 Evocations


You had 11 spell levels left.
You knew the following spells:

 Your Spells              Type           Power        Failure   Level  Hunger
a - Throw Flame           Conj/Fire      #####.       1%          2    None
c - Conjure Flame         Conj/Fire      #####...     1%          3    #......
s - Sticky Flame          Conj/Fire      #####...     1%          4    ###....
x - Fireball              Conj/Fire      #####.....   1%          5    #####..
z - Flame Tongue          Conj/Fire      #####        1%          1    None


Dungeon Overview and Level Annotations

Branches:
Dungeon (10/15)            Temple (1/1) D:5
   Lair: D:8-11         Orc: D:9-12

Altars:
Ashenzari
Cheibriados
Dithmenos
Elyvilon
Fedhas
Gozag
Kikubaaqudgha
Makhleb
Nemelex Xobeh
Okawaru
Qazlal
Ru
Sif Muna
Trog
Vehumet
Xom
Yredelemnul
Zin
The Shining One


Message History

The orc warrior burns! x2
The orc warrior hits you with a glaive.
You barely miss the orc warrior.
The orc warrior is heavily wounded.
The orc warrior burns!
The orc warrior barely misses you.
You hit the orc warrior but do no damage.
The orc warrior is heavily wounded.
The orc warrior burns!
The orc warrior hits you with a glaive!
* * * LOW HITPOINT WARNING * * *
You barely miss the orc warrior.
The orc warrior is severely wounded.
The orc warrior burns!
The orc warrior stops burning.
The orc warrior hits you with a glaive!!
* * * LOW HITPOINT WARNING * * *
Drink which item? (? for menu, Esc to quit)
You are confused.
You feel invigorated.
You swing at nothing.
The orc warrior hits you with a glaive!!
You die...

###. ..... ....
...# .[.# ...#
..#########...##.#
#.......o÷.......#
#.......@#######.#
..#####..#
..........#
.......<...
#######......
#..)#### #...#
....# .....


You could see an orc warrior.

Vanquished Creatures
  Pikel (D:8)
  Maurice (D:8)
  2 trolls
  A spriggan (D:8)
  2 wargs (D:10)
  Menkaure (D:7)
  An ice beast (D:7)
  A black bear (D:6)
  6 orc warriors
  4 phantoms
  A sky beast (D:6)
  3 centaurs
  2 ogres
  A giant frog (D:6)
  Blork the orc (D:6)
  2 big kobolds
  A wyvern skeleton (D:7)
  A scorpion (D:5)
  7 killer bees
  A goliath beetle (D:8)
  A crimson imp (D:8)
  A centaur skeleton (D:5)
  A giant frog zombie (D:9)
  6 hounds
  9 orc priests
  A jelly (D:6)
  8 orc wizards
  2 giant frog skeletons
  2 iguanas (D:4)
  6 worker ants
  Ijyb (D:2)
  8 gnolls
  3 shadow imps
  13 adders
  A giant mite (D:1)
  6 worms
  An adder skeleton (D:5)
  A giant gecko (D:6)
  2 oozes
  29 orcs
  A ball python (D:2)
  13 bats
  A bat skeleton (D:6)
  A bat zombie (D:8)
  10 goblins
  13 hobgoblins
  2 jackals (D:6)
  5 giant cockroaches
  4 giant newts
  2 goblin skeletons (D:5)
  A goblin zombie (D:5)
  6 hobgoblin zombies (D:5)
  A jackal skeleton (D:5)
  22 kobolds
  2 kobold zombies (D:5)
  3 orc skeletons (D:5)
  An orc zombie (D:5)
  12 rats
242 creatures vanquished.

Vanquished Creatures (others)
  A hungry ghost (D:8)
  2 slaves (D:8)
  A quokka (D:6)
  A rat (D:8)
5 creatures vanquished.

Grand Total: 247 creatures vanquished

Notes
Turn   | Place    | Note
--------------------------------------------------------------
     0 | D:1      | harcile, the Human Fire Elementalist, began the quest for the Orb.
     0 | D:1      | Reached XP level 1. HP: 13/13 MP: 3/3
    53 | D:1      | Reached XP level 2. HP: 19/19 MP: 0/4
   484 | D:1      | Reached XP level 3. HP: 25/25 MP: 0/6
  1201 | D:2      | Reached XP level 4. HP: 29/31 MP: 1/8
  1348 | D:2      | Reached skill level 4 in Fire Magic
  1637 | D:2      | Noticed Ijyb
  1653 | D:2      | Learned a level 2 spell: Throw Flame
  1658 | D:2      | Learned a level 4 spell: Sticky Flame
  1680 | D:2      | Killed Ijyb
  1680 | D:2      | Reached XP level 5. HP: 12/36 MP: 0/9
  1918 | D:3      | Found a sparkling altar of Nemelex Xobeh.
  2269 | D:3      | Found a sacrificial altar of Ru.
  2269 | D:3      | Found a snail-covered altar of Cheibriados.
  2652 | D:3      | Found a glowing silver altar of Zin.
  2830 | D:4      | Learned a level 3 spell: Conjure Flame
  2947 | D:4      | Reached XP level 6. HP: 42/42 MP: 7/13
  3079 | D:4      | Reached skill level 1 in Fighting
  3272 | D:4      | Found a shadowy altar of Dithmenos.
  3272 | D:4      | Noticed a phantom
  3293 | D:4      | Killed a phantom
  3422 | D:4      | Found a burning altar of Makhleb.
  3486 | D:4      | Noticed a phantom
  3497 | D:4      | Killed a phantom
  3497 | D:4      | Reached skill level 5 in Fire Magic
  3497 | D:4      | Reached XP level 7. HP: 48/48 MP: 3/15
  3775 | D:4      | Noticed an ogre
  3782 | D:4      | Killed an ogre
  4169 | D:5      | Entered Level 5 of the Dungeon
  4227 | D:5      | Reached XP level 8. HP: 56/56 MP: 4/18
  4523 | D:5      | Found a staircase to the Ecumenical Temple.
  4571 | Temple   | Entered the Ecumenical Temple
  4637 | Temple   | Became a worshipper of Vehumet
  4830 | D:5      | Found a glowing golden altar of the Shining One.
  4836 | D:5      | Reached skill level 6 in Fire Magic
  5223 | D:6      | Acquired Vehumet's first power
  5223 | D:6      | Offered knowledge of Magic Dart by Vehumet.
  5392 | D:6      | Reached skill level 5 in Spellcasting
  5598 | D:6      | Reached XP level 9. HP: 58/61 MP: 21/21
  5829 | D:6      | Reached skill level 5 in Conjurations
  5838 | D:6      | Found a white marble altar of Elyvilon.
  6019 | D:6      | Reached skill level 7 in Fire Magic
  6097 | D:6      | Offered knowledge of Freeze by Vehumet.
  6227 | D:6      | Noticed Blork the orc
  6235 | D:6      | Killed Blork the orc
  6238 | D:6      | Found a deep blue altar of Sif Muna.
  6583 | D:7      | Learned a level 5 spell: Fireball
  6601 | D:7      | Found a stormy altar of Qazlal.
  6747 | D:7      | Noticed Menkaure
  6752 | D:7      | Killed Menkaure
  6972 | D:7      | Reached XP level 10. HP: 30/67 MP: 16/24
  7313 | D:7      | Noticed a troll
  7325 | D:7      | Killed a troll
  7325 | D:7      | Reached skill level 1 in Maces & Flails
  7325 | D:7      | Reached skill level 1 in Armour
  7499 | D:8      | Noticed Pikel
  7509 | D:8      | Killed Pikel
  7509 | D:8      | Reached skill level 8 in Fire Magic
  7739 | D:8      | Noticed Maurice
  7753 | D:8      | Killed Maurice
  7753 | D:8      | Offered knowledge of Stone Arrow by Vehumet.
  8238 | D:8      | Got an encrusted war axe
  8239 | D:8      | Identified the +1 war axe of Calamity {flame, -Tele rF- rN+ Str+5 Stlth+} (You found it on level 8 of the Dungeon)
  8490 | D:8      | Acquired Vehumet's second power
  8839 | D:9      | Found a shimmering altar of Xom.
  8893 | D:10     | Entered Level 10 of the Dungeon
  8905 | D:10     | Offered knowledge of Throw Icicle by Vehumet.
  8905 | D:10     | Reached XP level 11. HP: 34/74 MP: 23/27
  8908 | D:10     | Reached skill level 5 in Dodging
  9054 | D:10     | HP: 1/74 [orc warrior/glaive (19)]
  9056 | D:10     | Mangled by an orc warrior

Action                   |  1- 3 |  4- 6 |  7- 9 | 10-12 || total
-------------------------+-------+-------+-------+-------++-------
Melee: Unarmed           |     9 |       |       |       ||     9
       Mace              |     6 |    12 |    14 |    30 ||    62
       Quarterstaff      |       |    10 |    19 |       ||    29
       War axe           |       |       |       |     6 ||     6
       Glaive            |       |       |       |     3 ||     3
 Cast: Flame Tongue      |    42 |   125 |   199 |    35 ||   401
       Throw Flame       |       |    18 |   117 |    86 ||   221
       Conjure Flame     |       |       |     4 |     8 ||    12
       Sticky Flame      |       |       |     6 |    12 ||    18
       Fireball          |       |       |     4 |     3 ||     7
 Abil: Evoke Flight      |       |       |     1 |       ||     1
  Use: Scroll            |       |     7 |     9 |     5 ||    21
       Potion            |       |       |     3 |     2 ||     5
  Eat: Chunk             |     1 |     4 |    14 |     7 ||    26
       Meat ration       |       |     1 |       |       ||     1
       Pizza             |       |       |       |     1 ||     1
